 Dungeon Crawl Stone Soup version 0.16.1-28-gcc2312f (webtiles) character file.

594027 hemol the Slayer (level 26, -6/257 (261) HPs)
             Began as a Minotaur Fighter on May 26, 2015.
             Was the Champion of Okawaru.
             Killed by drain life
             ... invoked by a deathcap
             ... summoned by a curse toe
              (20 damage)
             ... on level 4 of the Realm of Zot on May 29, 2015.
             The game lasted 05:30:56 (55162 turns).

hemol the Slayer (Minotaur Fighter)                Turns: 55162, Time: 05:30:56

HP:   -6/257 (261)  AC: 59    Str: 39    XL:     26   Next: 29%
MP:   8/32          EV: 26    Int:  4    God:    Okawaru [******]
Gold: 5558          SH: 26    Dex: 26    Spells: 0 memorised, 25 levels left

rFire  + + .     SeeInvis +     b - +9 eveningstar (vamp)
rCold  . . .     Clarity  .     R - +13 crystal plate armour of Riureh {SInv}
rNeg   . . .     SustAb   .     Y - +5 shield of Tasketoth {rElec rF+ rC- Str+9 Int+2}
rPois  +         Gourm    .     Z - +4 hat of Integrity {Str+6 Int-3}
rElec  +         Spirit   .     S - +2 cloak {rPois}
rCorr  .         Warding  .     l - +2 pair of gloves of Clev {Str-4 Dex+5}
rMut   +         Stasis   .     q - +2 pair of boots
MR     +++..                    F - amulet of resist mutation
Stlth  ..........               D - ring of Izisol {rElec rPois rF+ MR+ Int-2 Dex+3}
                                w - ring "Vaggipn" {Ice MR+ Str+3 Int+2 Stlth-}

@: starving, drained, extremely resistant to hostile enchantments, extremely
unstealthy
A: retaliatory headbutt, horns 2, talons 1, large bone plates 1, fire resistance
1, regeneration 1, MP-powered wands 1
a: Heroism, Finesse, Renounce Religion
}: 3/15 runes: decaying, silver, gossamer


You were on level 4 of the Realm of Zot.
You worshipped Okawaru.
Okawaru was exalted by your worship.
You were starving.

You visited 9 branches of the dungeon, and saw 54 of its levels.
You visited 1 bazaar.
You also visited: Labyrinth, Volcano and Wizlab.

You collected 8178 gold pieces.
You spent 2620 gold pieces at shops.

Inventory:

Hand weapons
 b - a +9 vampiric eveningstar (weapon)
 K - the +1 eveningstar "Brilliance" {holy, rN+ AC+5 Int+5}
   (Okawaru gifted it to you on level 5 of the Vaults)

   It has been blessed by the Shining One to cause great damage to the undead
   and demons.
   It affects your AC (+5).
   It affects your intelligence (+5).
   It protects you from negative energy.
 U - the +5 eveningstar of Honour {freeze, rElec rF+ Str+3}
   (Okawaru gifted it to you on level 1 of the Orcish Mines)

   It has been specially enchanted to freeze those struck by it, causing extra
   injury to most foes and up to half again as much damage against particularly
   susceptible opponents.
   It can also slow down cold-blooded creatures.
   It affects your strength (+3).
   It protects you from fire.
   It insulates you from electricity.
Missiles
 A - 6 throwing nets (quivered)
Armour
 l - the +2 pair of gloves of Clev (worn) {Str-4 Dex+5}
   (Okawaru gifted it to you on level 1 of the Realm of Zot)

   It affects your strength (-4).
   It affects your dexterity (+5).
 m - a +2 hat of see invisible
 q - a +2 pair of boots (worn)
 H - the +3 hat of Pondering {ponderous, MR+ MP+10 Int+5}
   (You took it off Gastronok on level 10 of the Dungeon)

   It affects your intelligence (+5).
   It affects your resistance to hostile enchantments.
   It affects your magic capacity (+10).
 P - a gold dragon hide
 R - the +13 crystal plate armour of Riureh (worn) {SInv}
   (Okawaru gifted it to you on level 1 of the Elven Halls)

   It enhances your eyesight.
 S - a +2 cloak of poison resistance (worn)
 Y - the +5 shield of Tasketoth (worn) {rElec rF+ rC- Str+9 Int+2}
   (You took it off Wiglaf on level 4 of the Swamp)

   It affects your strength (+9).
   It affects your intelligence (+2).
   It protects you from fire.
   It makes you vulnerable to cold.
   It insulates you from electricity.
 Z - the +4 hat of Integrity (worn) {Str+6 Int-3}
   (You found it on level 5 of the Vaults)

   It affects your strength (+6).
   It affects your intelligence (-3).
Jewellery
 g - the ring of Dogma {Wiz +Inv rC+ SInv}
   (You took it off a deep elf conjurer on level 3 of the Elven Halls)

   [ring of wizardry]

   It improves your spell success rate.
   It protects you from cold.
   It enhances your eyesight.
   It lets you turn invisible.
 w - the ring "Vaggipn" (left hand) {Ice MR+ Str+3 Int+2 Stlth-}
   (You found it on level 4 of the Depths)

   [ring of ice]

   It enhances your ice magic, and weakens your fire magic.
   It affects your strength (+3).
   It affects your intelligence (+2).
   It makes you vulnerable to fire.
   It protects you from cold.
   It affects your resistance to hostile enchantments.
   It makes you less stealthy.
 x - an uncursed ring of sustain abilities
 C - a +5 ring of protection
 D - the ring of Izisol (right hand) {rElec rPois rF+ MR+ Int-2 Dex+3}
   (You took it off a vault warden on level 5 of the Vaults)

   [ring of dexterity]

   It affects your intelligence (-2).
   It affects your dexterity (+3).
   It protects you from fire.
   It insulates you from electricity.
   It protects you from poison.
   It affects your resistance to hostile enchantments.
 F - an amulet of resist mutation (around neck)
 G - an uncursed ring of flight
 T - the amulet "Shrycag" {Stasis rPois Str+3}
   (You took it off a deep elf annihilator on level 3 of the Elven Halls)

   [amulet of stasis]

   It prevents you from being teleported, slowed, hasted or paralysed.
   It affects your strength (+3).
   It protects you from poison.
Magical devices
 c - a wand of disintegration (9)
 t - a wand of teleportation (2)
 M - a wand of digging (12)
 O - a wand of random effects (17)
Scrolls
 a - 21 scrolls of identify
 f - 7 scrolls of fear
 k - 10 scrolls of fog
 r - 33 scrolls of remove curse
 u - 18 scrolls of teleportation
 y - a scroll of summoning
 B - 8 scrolls of blinking
 I - 6 scrolls of enchant weapon
 J - 2 scrolls of magic mapping
 L - 15 scrolls of recharging
 N - 5 scrolls of enchant armour
 V - a scroll of silence
Potions
 e - 14 potions of might
 h - 5 potions of invisibility
 n - 6 potions of haste
 o - 9 potions of restore abilities
 p - 18 potions of curing
 s - 10 potions of agility
 v - 4 potions of cure mutation
 z - 5 potions of berserk rage
 Q - 6 potions of cancellation
 X - 2 potions of resistance
Comestibles
 d - 25 bread rations
 i - 26 meat rations
 E - 66 fruits
 W - 7 royal jellies


   Skills:
 + Level 26.2(25.8) Fighting
 + Level 23.2(22.8) Maces & Flails
 + Level 23.5(23.1) Armour
 + Level 19.8(19.4) Dodging
 + Level 21.7(21.3) Shields
 - Level 10.6(10.3) Invocations
 - Level 10.0(9.7) Evocations


You had 25 spell levels left.
You didn't know any spells.

Dungeon Overview and Level Annotations

Branches:
Dungeon (15/15)            Temple (0/1) D:4            Lair (8/8) D:10
  Swamp (5/5) Lair:3       Spider (5/5) Lair:5        Slime (0/6) Lair:6
    Orc (4/4) D:10            Elf (3/3) Orc:4        Vaults (5/5) D:14
  Crypt (0/3) Vaults:2     Depths (5/5) D:15            Zot (4/5) Depths:5

Altars:
Ashenzari
Cheibriados
Dithmenos
Gozag
Kikubaaqudgha
Makhleb
Okawaru
Ru
Sif Muna
Trog
Vehumet
Xom
Yredelemnul
Zin
Beogh

Shops:
D:4 ?   D:6 ?   D:11 :   Orc:1 ?   Orc:2 [   Orc:4 *([:   Vaults:2 }
Vaults:3 ?   Vaults:4 %   Depths:3 ?   Depths:4 :=

Portals:
Hell: Depths:1 Depths:2 Depths:3 Depths:4 Depths:5
Abyss: Depths:3 Depths:4
Pandemonium: Depths:3 Depths:4 Depths:5
Ziggurat: Depths:1
Trove: Vaults:2 (give +4 gold dragon armour)


Innate Abilities, Weirdness & Mutations

You reflexively headbutt those who attack you in melee.
You have a pair of horns on your head.
You have sharp toenails.
You are partially covered in large bone plates (AC +2, SH +2).
Your flesh is heat resistant.
Your natural rate of healing is unusually fast.
You expend magic power (3 MP) to slightly strengthen your wands.


Message History

You block the deathcap's attack.
The deathcap releases spores at you but does no damage.
You block the deathcap's attack.
Drink which item? (? for menu, Esc to quit)
You feel better.
The wandering mushroom disappears in a puff of smoke!
The electric golem blinks!
You block the deathcap's attack.
You block the wandering mushroom's attack.
The deathcap completely misses you. You furiously retaliate!
You headbutt the deathcap! The deathcap completely misses you.
The deathcap draws from the surrounding life force!
* * * LOW HITPOINT WARNING * * *
The deathcap is healed.
Drink which item? (? for menu, Esc to quit)
You feel better. You block the deathcap's attack.
You block the wandering mushroom's attack.
You block the deathcap's attack. The deathcap completely misses you.
You furiously retaliate!
You headbutt the deathcap!
The deathcap draws from the surrounding life force!
You die...

...... #..
#..... ##..
#....
#...###...#
#.........#
....§.#...#
#...ff#...#
#ff<..#
#@fz§.#
#ff#.....#
#.†f#§....#
#...#......#
....#......#.
.....#
....... ....#
...... ###
...... .....


You could see a curse toe, 5 deathcaps and 3 wandering mushrooms.

Vanquished Creatures
  An orb of fire (Zot:4)
  2 ancient liches
  Margery (Vaults:5)
  2 caustic shrikes (Depths:3)
  Saint Roka (Swamp:3)
  3 Killer Klowns (Zot:3)
  9 golden dragons
  Frederick (Vaults:3)
  18 tentacled monstrosities
  The ghost of hannobal the Severer, a mighty DgFE (Vaults:2)
  6 titans
  Asterion (Spider:4)
  The ghost of emiel the Anointer, a mighty HEEE of Okawaru (Vaults:2)
  3 liches
  3 deep elf master archers (Elf:3)
  3 deep elf blademasters (Elf:3)
  10 sphinxes
  A quicksilver dragon (Vaults:5)
  An ancient champion (WizLab)
  8 tengu reavers
  3 thorn hunters
  Frances (D:14)
  15 storm dragons
  A revenant (Vaults:2)
  13 shadow dragons
  2 draconian monks
  An azure jelly (Swamp:5)
  12 fire giants
  11 frost giants
  Wiglaf (Swamp:4)
  3 iron dragons
  3 draconian knights (Zot:1)
  5 draconian scorchers
  11 deep elf sorcerers
  6 draconian zealots
  Louise (Swamp:4)
  15 vault wardens
  2 orc warlords (Orc:4)
  A war gargoyle (Vaults:4)
  3 ghost moths
  11 emperor scorpions
  Gastronok (D:10)
  5 spriggan defenders
  Jorgrun (Vaults:3)
  7 draconian annihilators
  13 ironheart preservers
  9 vampire knights
  14 very ugly things
  A salamander firebrand (Depths:4)
  5 draconian shifters
  3 green draconians
  19 stone giants
  A draconian caller (Depths:5)
  7 deep elf demonologists
  4 red draconians
  7 black draconians
  5 grey draconians
  A yellow draconian (Zot:2)
  3 white draconians
  5 purple draconians
  4 mottled draconians
  7 pale draconians
  11 dire elephants
  11 deep elf annihilators
  13 ettins
  A very ugly thing zombie (Depths:1)
  7 deep elf death magi
  A minotaur (shapeshifter) (Elf:1)
  Josephine (Orc:2)
  6 great orbs of eyes
  11 deep elf high priests
  45 vault guards
  A jiangshi (Vaults:2)
  11 fire dragons
  6 death cobs
  3 minotaurs
  A rakshasa (Depths:1)
  Harold (Lair:3)
  15 ogre magi
  16 yaktaur captains
  20 ice dragons
  7 hydras
  Nessos (Spider:2)
  6 spriggan air magi
  Erica (Lair:5)
  8 deep troll shamans
  18 centaur warriors
  The ghost of Turgon the Spear-Bearer, a powerful OpBe of Trog (Lair:5)
  A death knight (Depths:4)
  7 alligators
  2 ghost crabs (Swamp:4)
  16 dancing weapons (Elf:2)
  4 deep troll earth magi
  2 tengu warriors
  3 vampire magi
  6 spriggan berserkers
  2 catoblepae
  3 orc high priests
  13 death yaks
  Urug (Orc:1)
  2 naga sharpshooters (Depths:4)
  Nergalle (Lair:7)
  19 deep elf knights
  A hell hog (Depths:3)
  3 iron trolls
  9 skeletal warriors
  A fire crab (Vaults:2)
  4 unseen horrors
  A death drake (Depths:5)
  2 salamander mystics
  12 hell knights
  2 flayed ghosts
  2 giant orange brains
  2 shadow wraiths
  23 deep trolls
  9 deep elf summoners
  5 necromancers
  4 swamp dragons
  13 hill giants
  6 shambling mangroves
  A lindwurm (Lair:6)
  A spectral hydra (Swamp:4)
  18 ironbrand convokers
  4 wizards
  2 harpies (shapeshifter)
  12 orc knights
  6 griffons
  An ugly thing zombie (Depths:1)
  A wolf spider zombie (D:15)
  10 deep elf conjurers
  8 orc sorcerers
  33 wolf spiders
  17 orb spiders
  4 salamanders
  7 harpies
  3 phantasmal warriors
  2 salamanders (shapeshifter)
  A deathcap (Zot:4)
  15 moths of wrath
  A sixfirhy (Depths:3)
  10 hornets
  A water nymph (shapeshifter) (Vaults:5)
  10 cyclopes
  4 manticores
  A manticore (shapeshifter) (Depths:4)
  A draconian (shapeshifter) (Elf:1)
  36 ugly things
  A guardian serpent (shapeshifter) (Depths:1)
  2 molten gargoyles (Volcano)
  Maurice (Orc:2)
  21 elephants
  A small abomination (Elf:3)
  An octopode (shapeshifter) (Vaults:5)
  A stone giant skeleton (Vaults:2)
  4 gargoyles
  A torpor snail (Depths:1)
  3 black mambas
  A torpor snail (shapeshifter) (Vaults:5)
  15 spiny frogs
  13 vault sentinels
  A redback zombie (D:13)
  A kobold demonologist (Vaults:3)
  2 wandering mushrooms (Zot:4)
  11 komodo dragons
  A black draconian zombie (Zot:1)
  3 spriggan druids
  16 demonic crawlers
  2 tengu conjurers
  10 freezing wraiths
  43 yaktaurs
  A troll (shapeshifter) (Vaults:3)
  21 deep elf priests
  An elf (shapeshifter) (D:14)
  A yaktaur (shapeshifter) (D:14)
  A death yak skeleton (Depths:3)
  17 trolls
  41 jumping spiders
  A queen bee (shapeshifter) (Vaults:3)
  Sonja (Swamp:1)
  4 polar bears
  A two-headed ogre (shapeshifter) (Vaults:1)
  42 slime creatures
  A blink frog (shapeshifter) (Depths:3)
  25 ravens
  24 two-headed ogres
  6 bog bodies
  A baby alligator (shapeshifter) (Depths:4)
  A raiju (shapeshifter) (Depths:1)
  A basilisk (shapeshifter) (Vaults:4)
  7 giant leeches
  The ghost of emiel the Gusty, an average DsWn of Cheibriados (D:3)
  24 deep elf magi
  A slime creature (shapeshifter) (Vaults:5)
  A redback (shapeshifter) (Depths:4)
  3 basilisks
  8 boulder beetles
  4 vampires
  3 hungry ghosts
  37 redbacks
  26 blink frogs
  2 tarantellas (shapeshifter)
  21 trapdoor spiders
  21 yaks
  11 hippogriffs
  3 swamp worm simulacra (Swamp:5)
  8 shadows
  30 spriggans
  23 tarantellas
  30 deep elf fighters
  A spriggan (shapeshifter) (Elf:2)
  2 hill giant zombies (WizLab)
  5 wraiths
  3 air elementals (Depths:3)
  A golden eye (shapeshifter) (D:15)
  2 mottled dragons
  2 fire bats (Volcano)
  4 wyverns
  7 humans (Zot:3)
  A hog (shapeshifter) (Vaults:1)
  13 hydra simulacra (Swamp:5)
  9 hell hounds (Depths:3)
  Menkaure (D:6)
  2 nagas (Depths:4)
  28 swamp worms
  7 porcupines
  11 wargs
  A hippogriff (shapeshifter) (Elf:3)
  11 insubstantial wisps
  38 wolves
  23 vampire mosquitoes
  4 sky beasts
  49 orc warriors
  23 water moccasins
  An ettin simulacrum (Vaults:3)
  A phantom (D:10)
  29 spiders
  6 necrophages
  26 wasps
  4 black bears
  An ogre (shapeshifter) (Vaults:5)
  7 swamp drakes
  An eye of draining (D:14)
  13 ice beasts
  77 ogres
  2 boring beetles
  8 boggarts
  A boring beetle (shapeshifter) (Vaults:3)
  16 crocodiles
  18 centaurs
  An elf skeleton (Vaults:2)
  25 giant frogs
  5 big kobolds
  A brain worm (D:12)
  2 wyvern zombies
  An elf zombie (D:11)
  2 gnoll sergeants
  A water moccasin zombie (D:6)
  11 scorpions
  A water moccasin skeleton (D:8)
  11 killer bees (D:10)
  4 troll zombies (WizLab)
  23 wights
  2 electric eels
  6 crimson imps
  4 goliath beetles
  12 hounds
  4 centaur skeletons
  A goliath beetle (shapeshifter) (Vaults:5)
  3 giant frog skeletons
  A giant frog zombie (D:11)
  9 jellies
  5 human zombies
  A lava snake (Volcano)
  27 orc priests
  A yaktaur simulacrum (Vaults:1)
  3 human skeletons
  26 orc wizards
  Natasha (twice) (D:3)
  13 worker ants
  A hell rat (Depths:2)
  16 iguanas
  35 sheep
  4 ogre zombies (WizLab)
  A hound zombie (D:9)
  5 mummies
  A hound skeleton (D:8)
  117 river rats
  25 adders
  An orc zombie (Vaults:2)
  16 gnolls
  5 giant mites
  4 worms
  4 giant eyeballs (Depths:4)
  5 swamp drake simulacra (Swamp:5)
  An ufetubus (Vaults:3)
  2 adder skeletons
  An adder zombie (D:9)
  4 giant geckos
  6 oozes
  223 orcs
  A bat skeleton (D:7)
  A bat zombie (D:6)
  8 giant cockroaches
  22 goblins
  23 hobgoblins
  17 jackals
  37 kobolds
  18 bats
  A giant gecko zombie (D:8)
  6 giant newts
  A giant spore (D:11)
  11 quokkas
  A quokka zombie (D:9)
  23 rats
  A spectral orc (Lair:7)
  5 ballistomycetes
  5 briar patches
2868 creatures vanquished.

Vanquished Creatures (others)
  A fire giant (Depths:4)
  A ghost moth (Zot:4)
  A deep elf sorcerer (Vaults:2)
  A draconian scorcher (Zot:1)
  A draconian zealot (Zot:1)
  A death cob (Zot:4)
  An ice dragon (Swamp:5)
  A sixfirhy (Vaults:2)
  4 wandering mushrooms (Zot:4)
  A bog body (Swamp:5)
  4 vampire mosquitoes (Swamp:5)
  A swamp worm (Swamp:5)
  2 orc warriors (Vaults:2)
  A human zombie (Vaults:2)
  A wasp (Spider:4)
  2 killer bees (Elf:3)
  An iguana (Lair:5)
  A giant spore (D:12)
  2 bushes (Lair:6)
  A fungus (Lair:8)
  2 plants
  7 toadstools (Swamp:2)
38 creatures vanquished.

Grand Total: 2906 creatures vanquished

Notes
Turn   | Place    | Note
--------------------------------------------------------------
     0 | D:1      | hemol, the Minotaur Fighter, began the quest for the Orb.
     0 | D:1      | Reached XP level 1. HP: 19/19 MP: 1/1
    59 | D:1      | Reached skill level 4 in Shields
    63 | D:1      | Reached XP level 2. HP: 20/27 MP: 1/1
   534 | D:1      | Reached XP level 3. HP: 33/33 MP: 2/2
   844 | D:2      | Found a shadowy altar of Dithmenos.
  1051 | D:2      | Found a glowing silver altar of Zin.
  1072 | D:2      | Found an iron altar of Okawaru.
  1087 | D:2      | Became a worshipper of Warmaster Okawaru
  1302 | D:2      | Reached XP level 4. HP: 40/40 MP: 2/2
  1617 | D:3      | Noticed emiel's ghost (average DsWn)
  1627 | D:3      | Killed emiel's ghost
  1627 | D:3      | Reached skill level 6 in Maces & Flails
  1627 | D:3      | Reached skill level 5 in Armour
  1627 | D:3      | Reached XP level 5. HP: 18/46 MP: 2/2
  1627 | D:3      | Reached XP level 6. HP: 20/52 MP: 3/3
  1779 | D:3      | Noticed Natasha
  1785 | D:3      | Killed Natasha
  1832 | D:3      | Noticed Natasha
  1836 | D:3      | Killed Natasha
  2199 | D:4      | Reached skill level 7 in Maces & Flails
  2372 | D:4      | Found a staircase to the Ecumenical Temple.
  2456 | D:4      | Acquired Okawaru's first power
  2456 | D:4      | Reached XP level 7. HP: 53/58 MP: 3/3
  2613 | D:4      | Reached skill level 8 in Maces & Flails
  2638 | D:4      | Found Beytohio's Magic Scroll Boutique.
  2642 | D:4      | Bought a scroll of noise for 10 gold pieces
  2642 | D:4      | Bought a scroll of fear for 35 gold pieces
  2642 | D:4      | Bought a scroll of teleportation for 30 gold pieces
  2642 | D:4      | Bought a scroll of random uselessness for 10 gold pieces
  2850 | D:5      | Entered Level 5 of the Dungeon
  3262 | D:5      | Found a shadowy altar of Dithmenos.
  3418 | D:5      | Found an opulent altar of Gozag.
  3451 | D:5      | Reached skill level 9 in Maces & Flails
  3567 | D:5      | Reached XP level 8. HP: 66/66 MP: 3/3
  4335 | D:6      | Reached skill level 10 in Maces & Flails
  4403 | D:6      | Noticed Menkaure
  4417 | D:6      | Killed Menkaure
  4424 | D:6      | Reached skill level 11 in Maces & Flails
  4474 | D:6      | Found Sucuf's Magic Scroll Emporium.
  4481 | D:6      | Bought a scroll of identify for 26 gold pieces
  4481 | D:6      | Bought a scroll of identify for 26 gold pieces
  4481 | D:6      | Bought a scroll of identify for 26 gold pieces
  4692 | D:7      | Reached XP level 9. HP: 12/71 MP: 4/4
  5063 | D:7      | Found a shattered altar of Ashenzari.
  5606 | D:8      | Found a snail-covered altar of Cheibriados.
  5606 | D:8      | Found a sacrificial altar of Ru.
  5608 | D:8      | Found a deep blue altar of Sif Muna.
  5608 | D:8      | Found a bloodstained altar of Trog.
  5609 | D:8      | Found an ancient bone altar of Kikubaaqudgha.
  5610 | D:8      | Found a radiant altar of Vehumet.
  5696 | D:8      | Reached skill level 12 in Maces & Flails
  5766 | D:8      | Reached skill level 1 in Invocations
  6025 | D:8      | Reached skill level 5 in Fighting
  6510 | D:9      | Reached skill level 10 in Armour
  6626 | D:9      | Reached XP level 10. HP: 81/81 MP: 7/8
  7453 | D:10     | Entered Level 10 of the Dungeon
  7508 | D:10     | Acquired Okawaru's second power
  7623 | D:10     | Found a staircase to the Orcish Mines.
  7666 | D:10     | Received a gift from Okawaru
  7735 | D:10     | Noticed a hill giant
  7742 | D:10     | Killed a hill giant
  7771 | D:10     | Noticed Gastronok
  7778 | D:10     | Reached skill level 13 in Maces & Flails
  7790 | D:10     | Killed Gastronok
  7790 | D:10     | Received a gift from Okawaru
  8010 | D:10     | Found a staircase to the Lair.
  8143 | D:10     | Reached XP level 11. HP: 59/94 MP: 13/13
  8311 | D:10     | Reached skill level 5 in Invocations
  8578 | D:10     | Reached skill level 10 in Fighting
  9344 | Orc:1    | Entered Level 1 of the Orcish Mines
  9528 | Orc:1    | Found Meosis' Magic Scroll Emporium.
  9782 | Orc:2    | Found Fograpp's Armour Shoppe.
  9782 | Orc:2    | Noticed Urug
  9817 | Orc:1    | Killed Urug
  9817 | Orc:1    | Received a gift from Okawaru
 10038 | Orc:2    | Noticed Josephine
 10059 | Orc:2    | Killed Josephine
 10232 | Orc:2    | Found a roughly hewn altar of Beogh.
 10256 | Orc:2    | Noticed Maurice
 10271 | Orc:2    | Killed Maurice
 10387 | Orc:1    | Got a bloodstained eveningstar {god gift}
 10388 | Orc:1    | Identified the +5 eveningstar of Honour {freeze, rElec rF+ Str+3} (Okawaru gifted it to you on level 1 of the Orcish Mines)
 10760 | Orc:3    | Found a burning altar of Makhleb.
 10915 | Orc:3    | Reached skill level 14 in Maces & Flails
 11394 | Lair:1   | Entered Level 1 of the Lair of Beasts
 11477 | Lair:1   | Reached XP level 12. HP: 108/108 MP: 18/18
 11548 | Lair:1   | Received a gift from Okawaru
 11549 | Lair:1   | Got a distressingly furry chain mail {god gift}
 11560 | Lair:1   | Identified the +2 chain mail of Kleptomania {Stlth+} (Okawaru gifted it to you on level 1 of the Lair of Beasts)
 12526 | Lair:2   | Reached skill level 15 in Maces & Flails
 13302 | Lair:3   | Found a shimmering altar of Xom.
 13394 | Lair:3   | Noticed Harold
 13408 | Lair:3   | Killed Harold
 13472 | Lair:3   | Noticed a six-headed hydra
 13477 | Lair:3   | Killed a six-headed hydra
 13656 | Lair:3   | Reached skill level 5 in Shields
 13854 | Lair:3   | Found a staircase to the Swamp.
 13897 | Lair:3   | You fall through a shaft!
 13939 | Lair:4   | Found a dark tunnel.
 13957 | Volcano  | Entered a volcano
 14095 | Volcano  | Received a gift from Okawaru
 14128 | Volcano  | Found a burning altar of Makhleb.
 14473 | Volcano  | Reached XP level 13. HP: 114/116 MP: 21/21
 14882 | Lair:4   | Noticed a four-headed hydra
 14886 | Lair:4   | Killed a four-headed hydra
 15562 | Lair:5   | Noticed Erica
 15578 | Lair:5   | Killed Erica
 15618 | Lair:5   | Found a labyrinth entrance.
 15645 | Lair:5   | Found a hole to the Spider Nest.
 15654 | Lair:5   | Received a gift from Okawaru
 15684 | Lab      | Entered a labyrinth
 16451 | Lair:5   | Noticed Turgon's ghost (powerful OpBe)
 16461 | Lair:5   | Killed Turgon's ghost
 17138 | Lair:6   | Reached skill level 16 in Maces & Flails
 17271 | Lair:6   | Found a shadowy altar of Dithmenos.
 17282 | Lair:6   | Found a staircase to the Slime Pits.
 17332 | Lair:6   | Reached XP level 14. HP: 102/127 MP: 24/24
 18140 | Lair:7   | Noticed Nergalle
 18181 | Lair:7   | Killed Nergalle
 18926 | Lair:8   | Entered Level 8 of the Lair of Beasts
 18929 | Lair:8   | Reached skill level 10 in Invocations
 19299 | Lair:8   | Received a gift from Okawaru
 20634 | Orc:4    | Entered Level 4 of the Orcish Mines
 20658 | Orc:4    | Reached skill level 10 in Shields
 20664 | Orc:4    | Reached skill level 1 in Dodging
 20675 | Orc:4    | Found Stuttewn's Armour Shop.
 20683 | Orc:4    | Received a gift from Okawaru
 20683 | Orc:4    | Reached skill level 15 in Armour
 20692 | Orc:4    | Found Creg's Assorted Antiques.
 20700 | Orc:4    | Found Klay's Book Emporium.
 20710 | Orc:4    | Found Griqioc's Weapon Boutique.
 20726 | Orc:4    | Reached skill level 15 in Fighting
 20767 | Orc:4    | Bought a puce potion for 34 gold pieces
 20767 | Orc:4    | Bought a fizzy yellow potion for 34 gold pieces
 20772 | Orc:4    | Bought a +0 pair of gloves of strength for 172 gold pieces
 20793 | Orc:4    | Got a pitted great mace {god gift}
 20799 | Orc:4    | Identified the -2 great mace of Cloxux {flame, rC- rN+ Int+4} (Okawaru gifted it to you on level 4 of the Orcish Mines)
 20885 | Orc:4    | Found a staircase to the Elven Halls.
 21094 | Orc:4    | Noticed an orc warlord
 21120 | Orc:4    | Killed an orc warlord
 21120 | Orc:4    | Reached XP level 15. HP: 112/138 MP: 19/25
 21202 | Orc:4    | Noticed an orc warlord
 21212 | Orc:4    | Received a gift from Okawaru
 21254 | Orc:4    | Killed an orc warlord
 21273 | Orc:4    | Got an ancient bardiche {god gift}
 21279 | Orc:4    | Identified the +0 bardiche "Mnaem" {pain, +Inv rElec Stlth-} (Okawaru gifted it to you on level 4 of the Orcish Mines)
 21705 | Orc:4    | Bought a shiny plate armour for 874 gold pieces
 21717 | Orc:4    | Identified a +3 rod of shadows (9/9) (You found it in a labyrinth)
 21718 | Orc:4    | Identified a +4 rod of clouds (12/12) (You found it in a labyrinth)
 21935 | Swamp:1  | Entered Level 1 of the Swamp
 22122 | Swamp:1  | Noticed Sonja
 22140 | Swamp:1  | Killed Sonja
 22397 | Swamp:1  | Received a gift from Okawaru
 22400 | Swamp:1  | Got a transparent troll leather armour {god gift}
 22411 | Swamp:1  | Identified the +4 troll leather armour of the Grue {rC+ MR+++ Regen+ Str-5} (Okawaru gifted it to you on level 1 of the Swamp)
 22448 | Swamp:1  | You fall through a shaft!
 22723 | Swamp:2  | Noticed a thorn hunter
 22736 | Swamp:2  | Killed a thorn hunter
 22974 | Swamp:2  | Noticed a thorn hunter
 22992 | Swamp:2  | Killed a thorn hunter
 23444 | Swamp:2  | Reached skill level 5 in Dodging
 24029 | Swamp:3  | Noticed Saint Roka
 24073 | Swamp:3  | HP: 5/142 [Saint Roka/bardiche of protection (20)]
 24088 | Swamp:3  | Killed Saint Roka
 24502 | Swamp:3  | Reached skill level 17 in Fighting
 25041 | Swamp:4  | Noticed Wiglaf
 25064 | Swamp:4  | Killed Wiglaf
 25064 | Swamp:4  | Reached XP level 16. HP: 61/152 MP: 24/26
 25066 | Swamp:4  | Got a distressingly furry shield
 25077 | Swamp:4  | Identified the +5 shield of Tasketoth {rElec rF+ rC- Str+9 Int+2} (You took it off Wiglaf on level 4 of the Swamp)
 25151 | Swamp:4  | Received a gift from Okawaru
 25367 | Swamp:4  | Noticed a thorn hunter
 25384 | Swamp:4  | Killed a thorn hunter
 25608 | Swamp:4  | Noticed Louise
 25620 | Swamp:4  | Killed Louise
 25952 | Swamp:5  | Entered Level 5 of the Swamp
 26506 | Swamp:5  | Received a gift from Okawaru
 26825 | Swamp:5  | Got a decaying rune of Zot
 27396 | Spider:1 | Entered Level 1 of the Spider Nest
 27421 | Spider:1 | Reached skill level 18 in Fighting
 28401 | Spider:2 | Noticed Nessos
 28407 | Spider:2 | Killed Nessos
 29026 | Spider:2 | Received a gift from Okawaru
 29029 | Spider:2 | Got an ichor-stained ring mail {god gift}
 29040 | Spider:2 | Identified the -5 ring mail of the Vacuum {rN++ Str-2 Slay+2 SInv} (Okawaru gifted it to you on level 2 of the Spider Nest)
 29394 | Spider:3 | Identified a scroll of acquirement
 29981 | Spider:4 | Reached XP level 17. HP: 107/163 MP: 27/27
 30405 | Spider:4 | Noticed Asterion
 30423 | Spider:4 | Killed Asterion
 30701 | Spider:4 | Reached skill level 19 in Fighting
 30877 | Spider:5 | Entered Level 5 of the Spider Nest
 31383 | Spider:5 | Received a gift from Okawaru
 31891 | Spider:5 | Reached skill level 10 in Dodging
 31898 | Spider:5 | Got a gossamer rune of Zot
 32539 | D:11     | Found Poewoasa's Book Shoppe.
 32847 | D:11     | Noticed a hill giant
 32854 | D:11     | Killed a hill giant
 32863 | D:11     | Killed an unseen horror
 33194 | D:11     | Found a basalt altar of Yredelemnul.
 33460 | D:12     | Received a gift from Okawaru
 34256 | D:13     | Reached skill level 20 in Fighting
 35096 | D:14     | Reached XP level 18. HP: 173/175 MP: 28/28
 35106 | D:14     | Noticed Frances
 35106 | D:14     | Found a gate to the Vaults.
 35111 | D:14     | Killed Frances
 35432 | D:15     | Entered Level 15 of the Dungeon
 35656 | D:15     | Paralysed by a sphinx for 4 turns
 35813 | D:15     | Found a staircase to the Depths.
 36511 | Orc:1    | Bought a scroll of blinking for 97 gold pieces
 36511 | Orc:1    | Bought a scroll of identify for 26 gold pieces
 36511 | Orc:1    | Bought a scroll of identify for 26 gold pieces
 36511 | Orc:1    | Bought a scroll of identify for 26 gold pieces
 36549 | Elf:1    | Entered Level 1 of the Elven Halls
 36604 | Elf:1    | Found a flickering gateway to a bazaar.
 36610 | Bazaar   | Entered a bazaar
 36624 | Bazaar   | Found Usygoli's Food Emporium.
 36624 | Bazaar   | Found Koceerah's Armour Shoppe.
 36645 | Bazaar   | Found Mnimis' Distillery.
 36667 | Bazaar   | Found Ynetuuf's Jewellery Emporium.
 36667 | Bazaar   | Found Cleaxadesu's Gadget Shoppe.
 36688 | Bazaar   | Found Caunuok's Assorted Antiques.
 36726 | Bazaar   | Bought a potion of cure mutation for 525 gold pieces
 36726 | Bazaar   | Bought a potion of heal wounds for 75 gold pieces
 36726 | Bazaar   | Bought 2 potions of might for 120 gold pieces
 36726 | Bazaar   | Bought 2 potions of heal wounds for 150 gold pieces
 36811 | Elf:1    | Gained mutation: Your flesh is heat resistant. [potion of mutation]
 36811 | Elf:1    | Gained mutation: You are partially covered in large bone plates (AC +2, SH +2). [potion of mutation]
 36811 | Elf:1    | Gained mutation: You have sharp toenails. [potion of mutation]
 36812 | Elf:1    | Gained mutation: Your natural rate of healing is unusually fast. [potion of beneficial mutation]
 36836 | Elf:1    | Received a gift from Okawaru
 36843 | Elf:1    | Got a distressingly furry crystal plate armour {god gift}
 36865 | Elf:1    | Identified the +13 crystal plate armour of Riureh {SInv} (Okawaru gifted it to you on level 1 of the Elven Halls)
 37414 | Elf:1    | Reached skill level 15 in Shields
 37711 | Elf:2    | Found a runed gate.
 37711 | Elf:2    | Found a runed gate.
 37711 | Elf:2    | Found a runed gate.
 37822 | Elf:2    | Reached skill level 21 in Fighting
 38625 | Elf:3    | Entered Level 3 of the Elven Halls
 38987 | Elf:3    | Reached skill level 1 in Evocations
 39212 | Elf:3    | Reached XP level 19. HP: 162/186 MP: 28/28
 39224 | Elf:3    | Received a gift from Okawaru
 39446 | Elf:3    | Got a ring of the Octopus King
 39448 | Elf:3    | Identified a ring of the Octopus King {AC+1 EV+1 Str+1 Int+1 Dex+1 SInv} (You found it on level 3 of the Elven Halls)
 39568 | Elf:3    | Received a gift from Okawaru
 39920 | Elf:3    | Got an ancient jade ring
 39922 | Elf:3    | Got a scorched ruby amulet
 39999 | Elf:3    | Identified the amulet "Shrycag" {Stasis rPois Str+3} (You took it off a deep elf annihilator on level 3 of the Elven Halls)
 40001 | Elf:3    | Identified the ring of the Peculiar Lives {rPois Stlth-} (You took it off a deep elf high priest on level 3 of the Elven Halls)
 40005 | Elf:3    | Got a crude silver ring
 40006 | Elf:3    | Identified the ring of Dogma {Wiz +Inv rC+ SInv} (You took it off a deep elf conjurer on level 3 of the Elven Halls)
 40570 | Vaults:1 | Entered Level 1 of the Vaults
 40677 | Vaults:1 | Reached skill level 5 in Evocations
 41103 | Vaults:1 | Received a gift from Okawaru
 41254 | Vaults:1 | Reached XP level 20. HP: 185/197 MP: 29/29
 41417 | Vaults:1 | Reached skill level 22 in Fighting
 41527 | Vaults:2 | Noticed hannobal's ghost (mighty DgFE)
 41546 | Vaults:2 | Killed hannobal's ghost
 41728 | Vaults:2 | Found Deezevv Mesh's Gadget Emporium.
 41738 | Vaults:2 | Found a portal to a secret trove of treasure.
 42069 | Vaults:2 | Received a gift from Okawaru
 42208 | Vaults:2 | Found a staircase to the Crypt.
 42676 | Vaults:2 | Noticed emiel's ghost (mighty HEEE)
 42696 | Vaults:2 | Killed emiel's ghost
 42724 | Vaults:2 | Received a gift from Okawaru
 42970 | Vaults:3 | Noticed Frederick
 42976 | Vaults:3 | Killed Frederick
 43081 | Vaults:3 | Noticed Jorgrun
 43092 | Vaults:3 | Killed Jorgrun
 43521 | Vaults:3 | Received a gift from Okawaru
 43589 | Vaults:3 | Found Idwet's Magic Scroll Shoppe.
 43605 | Vaults:3 | Bought a scroll of blinking for 135 gold pieces
 44056 | Vaults:4 | Found Streyh's Food Emporium.
 44061 | Vaults:4 | Reached XP level 21. HP: 206/206 MP: 29/29
 44803 | Vaults:4 | Received a gift from Okawaru
 44804 | Vaults:4 | Got a dazzling flail {god gift}
 44805 | Vaults:4 | Identified the -2 flail "Vusanis" {venom, rPois rC++ Int-4 Stlth+} (Okawaru gifted it to you on level 4 of the Vaults)
 45172 | Vaults:5 | Entered Level 5 of the Vaults
 45257 | Vaults:5 | Received a gift from Okawaru
 45355 | Vaults:5 | Reached skill level 10 in Evocations
 45396 | Vaults:5 | Reached skill level 23 in Fighting
 45632 | Vaults:5 | Received a gift from Okawaru
 45656 | Vaults:5 | Reached XP level 22. HP: 217/217 MP: 30/30
 45766 | Vaults:5 | Noticed an ancient lich
 45776 | Vaults:5 | Killed an ancient lich
 45797 | Vaults:5 | Got a dazzling hat
 45808 | Vaults:5 | Identified the +4 hat of Integrity {Str+6 Int-3} (You found it on level 5 of the Vaults)
 45958 | Vaults:5 | Received a gift from Okawaru
 45995 | Vaults:5 | Noticed Margery
 46013 | Vaults:5 | Killed Margery
 46155 | Vaults:5 | Received a gift from Okawaru
 46209 | Vaults:5 | Got a twitching pewter ring
 46217 | Vaults:5 | Got a silver rune of Zot
 46547 | Vaults:5 | Got a pair of ancient gloves
 46566 | Vaults:5 | Identified the +1 pair of gloves "Grokki" {-Tele Contam rPois rCorr Str+9} (You found it on level 5 of the Vaults)
 46857 | Vaults:4 | Bought a slice of pizza for 21 gold pieces
 47098 | Depths:1 | Entered Level 1 of the Depths
 47213 | Depths:1 | Identified the ring of Izisol {rElec rPois rF+ MR+ Int-2 Dex+3} (You took it off a vault warden on level 5 of the Vaults)
 47316 | Depths:1 | Found a gateway to Hell.
 47445 | Depths:1 | Found a gateway to a ziggurat.
 47805 | Depths:2 | Reached skill level 15 in Dodging
 47845 | Depths:2 | Reached XP level 23. HP: 222/226 MP: 30/30
 47857 | Depths:2 | Found a magical portal.
 47867 | WizLab   | Entered Zonguldrok's Shrine
 48041 | WizLab   | Received a gift from Okawaru
 48086 | WizLab   | Noticed an antique lich
 48094 | WizLab   | Killed an antique lich
 48094 | WizLab   | Reached skill level 24 in Fighting
 49441 | Depths:3 | Received a gift from Okawaru
 49461 | Depths:3 | Found a one-way gate to the infinite horrors of the Abyss.
 49637 | Depths:3 | Found Shrarrua's Magic Scroll Boutique.
 50014 | Depths:3 | Reached XP level 24. HP: 237/237 MP: 31/31
 50045 | Depths:3 | Received a gift from Okawaru
 50230 | Depths:3 | Received a gift from Okawaru
 50259 | Depths:3 | Bought a scroll of summoning for 142 gold pieces
 50292 | Depths:3 | Found a one-way gate leading to the halls of Pandemonium.
 50495 | Depths:4 | Found Schamatso's Jewellery Emporium.
 50586 | Depths:4 | Got a brightly glowing ivory ring
 50588 | Depths:4 | Identified the ring "Vazu" {MR+ MP+9 Dex+4} (You found it on level 4 of the Depths)
 50644 | Depths:4 | Found Saufol's Book Emporium.
 50758 | Depths:4 | Received a gift from Okawaru
 50890 | Depths:4 | Got a scorched jade ring
 50892 | Depths:4 | Identified the ring of the Little Devil {MR+ Dex+2 Stlth-} (You found it on level 4 of the Depths)
 51020 | Depths:4 | Reached skill level 25 in Fighting
 51190 | Depths:4 | Got a scorched bronze ring
 51192 | Depths:4 | Identified the ring "Vaggipn" {Ice MR+ Str+3 Int+2 Stlth-} (You found it on level 4 of the Depths)
 51274 | Depths:5 | Entered Level 5 of the Depths
 51420 | Depths:5 | Found a gate to the Realm of Zot.
 51439 | Depths:5 | Received a gift from Okawaru
 51906 | Depths:5 | Reached XP level 25. HP: 240/246 MP: 31/31
 52424 | Zot:1    | Entered Level 1 of the Realm of Zot
 53072 | Zot:1    | Received a gift from Okawaru
 53267 | Zot:1    | Received a gift from Okawaru
 53286 | Zot:1    | Got a pair of brightly glowing gloves {god gift}
 53297 | Zot:1    | Identified the +2 pair of gloves of Clev {Str-4 Dex+5} (Okawaru gifted it to you on level 1 of the Realm of Zot)
 54355 | Zot:3    | Received a gift from Okawaru
 54413 | Zot:3    | Reached skill level 26 in Fighting
 54423 | Zot:3    | Reached XP level 26. HP: 257/257 MP: 32/32
 55096 | Zot:4    | Noticed an orb of fire
 55096 | Zot:4    | Gained mutation: You expend magic power (3 MP) to slightly strengthen your wands. [an orb of fire]
 55123 | Zot:4    | Killed an orb of fire
 55140 | Zot:4    | HP: 9/257 [deathcap/drain life[a curse toe] (19)]
 55148 | Zot:4    | HP: 10/257 [??? (8)]
 55160 | Zot:4    | HP: 9/257 [deathcap/drain life[a curse toe] (19)]
 55162 | Zot:4    | Killed from afar by a deathcap

Action                   |  1- 3 |  4- 6 |  7- 9 | 10-12 | 13-15 | 16-18 | 19-21 | 22-24 | 25-27 || total
-------------------------+-------+-------+-------+-------+-------+-------+-------+-------+-------++-------
Melee: Flail             |   114 |   100 |   431 |   642 |       |       |       |       |       ||  1287
       Eveningstar       |       |       |       |   425 |  1430 |  1595 |  1285 |  1511 |   665 ||  6911
Throw: Javelin           |       |       |       |     7 |     3 |       |       |       |       ||    10
       Throwing net      |       |       |       |       |       |       |     1 |       |       ||     1
Invok: Heroism           |       |       |       |     4 |     8 |     7 |     3 |     1 |       ||    23
       Finesse           |       |       |       |     2 |     6 |     6 |     1 |       |       ||    15
 Abil: Evoke Flight      |       |       |       |       |       |     2 |       |       |       ||     2
Evoke: Wand              |       |       |       |       |     1 |       |       |       |       ||     1
       Rod               |       |       |       |       |     1 |       |       |       |       ||     1
  Use: Potion            |       |     1 |     1 |     3 |    10 |     4 |     1 |       |    11 ||    31
       Scroll            |       |       |    12 |    10 |     6 |    17 |     8 |     4 |       ||    57
 Stab: Confused          |       |       |       |       |       |     1 |       |       |       ||     1
       Petrified         |       |       |       |       |       |       |       |     4 |       ||     4
  Eat: Chunk             |     1 |     4 |    14 |    27 |    35 |    45 |    19 |    17 |     9 ||   171
       Pizza             |       |       |       |       |     1 |     1 |     1 |     1 |       ||     4
       Royal jelly       |       |       |       |       |       |     1 |     2 |     1 |       ||     4
       Fruit             |       |       |       |       |       |       |     4 |       |       ||     4
